Map: Inside and Out

Players

Rhizer

  • Race: Protoss Protoss
  • Spawn Location: 1:00

PappiJoe - Winner!

  • Race: Protoss Protoss
  • Spawn Location: 7:00

Event: DreamHack SC2 Masters 2022 Atlanta (Offline)

VOD

Have the link to the VOD?

Description

Time

  • Played on: Nov. 18, 2022, 10:20 a.m.
  • Length: 6:45

All games in this series

Show
View Real Time Build Order
Export as new Build Order

Rhizer Protoss 

Build Orders: Oracle Opening 

Get SALT Encoding   

  12  0:00  Probe  
  13  0:12  Probe  
  14  0:18  Pylon  
  14  0:24  Probe (Chrono Boost)  
  15  0:36  Probe (Chrono Boost)  
  15  0:38  Gateway  
  16  0:45  Probe (Chrono Boost)  
  16  0:46  Assimilator  
  17  0:51  Probe  
  17  0:55  Assimilator  
  18  1:03  Probe (Chrono Boost)  
  19  1:06  Pylon  
  19  1:15  Probe (Chrono Boost)  
  20  1:23  Probe (Chrono Boost)  
  21  1:25  Cybernetics Core  
  21  1:29  Probe  
  22  1:40  Pylon  
  22  1:41  Probe  
  23  1:53  Probe  
  24  2:02  Stargate  
  24  2:04  Adept  
  24  2:06  Probe  
  27  2:27  Nexus  
  27  2:30  Warp Gate  
  27  2:33  Probe (Chrono Boost)  
  29  2:45  Probe (Chrono Boost)  
  29  2:46  Oracle (Chrono Boost)  
  29  2:50  Probe (Chrono Boost)  
  32  2:58  Stalker  
  35  3:00  Probe  
  36  3:10  Pylon  
  36  3:13  Probe  
  37  3:27  Gateway  
  37  3:28  Oracle (Chrono Boost)  
  37  3:30  Probe  
  41  3:39  Probe  
  42  3:42  Twilight Council  
  42  3:48  Shield Battery  
  42  3:58  Probe x2  
  44  4:04  Pylon  
  44  4:06  Gateway  
  44  4:21  Stalker x2  
  44  4:22  Blink (Chrono Boost)  
  48  4:25  Shield Battery  
  48  4:33  Shield Battery  
  48  4:34  Pylon  
  46  4:45  Shield Battery, Stalker  
  48  4:49  Stalker  
  50  4:57  Shield Battery  
  50  5:01  Probe x2  
  50  5:02  Stalker  
  52  5:13  Gateway  
  52  5:21  Stalker x2  
  54  5:25  Stalker  
  55  5:35  Gateway  
  54  5:47  Stalker  
  54  5:48  Stalker  
  52  5:51  Stalker  
  52  5:54  Shield Battery  
  52  5:55  Shield Battery  
  46  6:02  Probe  
  47  6:08  Stalker  
  47  6:11  Stalker x2  
  49  6:16  Cybernetics Core, Pylon  
  51  6:27  Stalker  
  49  6:36  Zealot x3  
Show
View Real Time Build Order
Export as new Build Order

PappiJoe Protoss - Winner!

Build Orders: Nexus First 

Get SALT Encoding   

  12  0:00  Probe  
  13  0:12  Probe  
  14  0:17  Pylon  
  14  0:25  Probe  
  15  0:37  Probe  
  16  0:49  Probe  
  17  0:58  Nexus  
  17  1:07  Gateway  
  17  1:10  Probe  
  18  1:15  Assimilator  
  18  1:23  Probe  
  18  1:24  Assimilator  
  19  1:35  Probe (Chrono Boost)  
  20  1:41  Gateway  
  20  1:45  Probe (Chrono Boost)  
  21  1:50  Probe (Chrono Boost)  
  22  1:56  Cybernetics Core  
  22  2:01  Probe  
  23  2:11  Probe  
  23  2:12  Pylon  
  23  2:14  Probe  
  25  2:19  Pylon  
  25  2:31  Stalker x2 (Chrono Boost)  
  25  2:34  Warp Gate  
  29  2:44  Shield Battery  
  29  2:52  Robotics Facility  
  29  3:00  Stalker  
  30  3:08  Shield Battery  
  30  3:09  Stalker  
  32  3:16  Probe x2  
  34  3:24  Gateway  
  34  3:33  Stalker  
  36  3:47  Immortal (Chrono Boost)  
  40  4:01  Pylon  
  39  4:21  Warp Prism (Chrono Boost)  
  41  4:29  Stalker x2  
  45  4:37  Stalker  
  47  4:49  Pylon  
  47  4:52  Stalker  
  49  5:07  Pylon  
  49  5:13  Immortal  
  53  5:17  Sentry  
  53  5:18  Sentry  
  57  5:48  Stalker x3  
  61  6:01  Probe  
  62  6:12  Adept x3  
  62  6:15  Probe, Pylon  
  63  6:33  Adept  
  63  6:34  Adept x2  
Tags
 
Add a new tag
Caveats
  • Supply blocks, unpowered buildings, or Contaminate may cause inaccurate times.
  • Supply counts are checked every 10 seconds.